 Dungeon Crawl Stone Soup version 0.28.0-53-g5a82cb258f (webtiles) character file.

Game seed: 1530426579069043418

194 DocClef the Spear-Bearer (level 5, -5/38 HPs)
             Began as a Merfolk Gladiator on June 30, 2022.
             Slain by Grinder (8 damage)
             ... on level 3 of the Dungeon.
             The game lasted 00:03:10 (2620 turns).

DocClef the Spear-Bearer (Merfolk Gladiator)        Turns: 2620, Time: 00:03:11

Health: -5/38      AC:  7    Str: 17    XL:     5   Next: 73%
Magic:  5/5        EV: 14    Int:  7    God:
Gold:   79         SH:  0    Dex: 21    Spells: 4/4 levels left

rFire   . . .      SeeInvis .   p - +0 halberd
rCold   . . .      Faith    .   (shield currently unavailable)
rNeg    . . .      Spirit   .   b - +0 leather armour
rPois   .          Reflect  .   c - +0 helmet
rElec   .          Harm     .   l - +2 cloak
rCorr   .          Rampage  .   (no gloves)
Will    .....                   (no boots)
Stlth   ++........              (no amulet)
HPRegen 0.12/turn               j - +6 ring of dexterity
MPRegen 0.09/turn               (no ring)

@: no status effects
A: (nimble swimmer 2), mertail
a: no special abilities


You were on level 3 of the Dungeon.
You visited 1 branch of the dungeon, and saw 3 of its levels.

You collected 79 gold pieces.

Inventory:

Hand Weapons
 a - a +0 trident
 p - a +0 halberd (weapon)
Missiles
 d - 2 throwing nets (quivered)
Armour
 b - a +0 leather armour (worn)
 c - a +0 helmet (worn)
 l - a +2 cloak (worn)
Jewellery
 j - a +6 ring of dexterity (left hand)
 k - a ring of ice
Scrolls
 e - a scroll of enchant weapon {unknown}
 g - a scroll of blinking {unknown}
 h - a scroll of noise {unknown}
 i - a scroll of identify {unknown}
 o - a scroll of teleportation {unknown}
Potions
 m - a potion of might
 q - a potion of flight {unknown}


   Skills:
 - Level 2.1 Fighting
 + Level 9.0 Polearms
 - Level 2.0 Throwing
 - Level 4.0 Dodging


You had 4 spell levels left.
You didn't know any spells.
Your spell library contained the following spells:

 Spells                   Type           Power      Damage    Failure   Level
 Foxfire                  Conj/Fire      0%         2x1d4     50%         1
 Conjure Flame            Conj/Fire      0%         6-21      86%         3
 Inner Flame              Hex/Fire       0%         N/A       86%         3
 Flame Wave               Conj/Fire      0%         2d4       99%         4


Dungeon Overview and Level Annotations

Branches:
Dungeon (3/15)

Altars:

Annotations:
D:3 Grinder


Innate Abilities, Weirdness & Mutations

((You are very nimble when in or above water. (Stealth+, EV+, Speed+++)))
Your lower body shifts to a powerful aquatic tail in water.


Message History

Grinder blinks!
It was a potion of might.
You feel very mighty all of a sudden.
It was a potion of cancellation.
Your magical effects are unravelling.
You feel magically purged.
You feel a little less mighty now.
Throw: 3 throwing nets
Press: ? - help, Q - select action Shift-Dir - straight line, f/p - Grinder
Aim: Grinder (severely wounded, 61% to hit)
You throw a throwing net. The throwing net hits Grinder.
Grinder is caught in the net!
Grinder is severely wounded.
Grinder struggles against the net.
You are too injured to fight recklessly!
Reach: p) +0 halberd
Press: ? - help, Dir - move target, f/p - Grinder
Aim: Grinder (severely wounded, entangled in a net, about 14% to evade your +0 halberd)
You reach to attack!
You hit Grinder but do no damage.
Grinder is severely wounded.
Grinder struggles against the net.
Reach: p) +0 halberd
Press: ? - help, Dir - move target, f/p - Grinder
Aim: Grinder (severely wounded, entangled in a net, about 14% to evade your +0 halberd)
You reach to attack!
You hit Grinder.
Grinder is severely wounded.
Grinder struggles against the net.
Reach: p) +0 halberd
Press: ? - help, Dir - move target, f/p - Grinder
Aim: Grinder (severely wounded, entangled in a net, about 14% to evade your +0 halberd)
You reach to attack!
You barely miss Grinder.
Grinder is severely wounded.
Grinder blinks!
You closely miss Grinder.
Grinder is severely wounded.
Unknown command.
You hit Grinder.
Grinder is severely wounded.
Grinder hits you!
You die...

###### ###### .....# #.....
####.# #.#### #.# #.# #.#
#.# #.###################
#.#
#............@5<..........#
###########################
#.†........###########
#.########............
##..........<##........
#.###.#####.###...#####
##### #.# #.............# #
..<.# #.###.#.###.####.## #
....# ##...#...##.#
#.######


You could see Grinder.

Vanquished Creatures
  Crazy Yiuf (D:2)
  Natasha (twice) (D:3)
  3 gnolls (D:3)
  3 adders
  A dart slug (D:3)
  5 orcs (D:3)
  6 ball pythons
  3 endoplasms
  A giant cockroach (D:1)
  3 goblins
  4 hobgoblins
  3 jackals (D:1)
  8 kobolds
  2 quokkas
  5 bats
  3 frilled lizards
  3 rats
56 creatures vanquished.

Vanquished Creatures (others)
  5 plants (D:2)
5 creatures vanquished.

Grand Total: 61 creatures vanquished

Notes
Turn   | Place    | Note
-------+----------+-------------------------------------------
     0 | D:1      | DocClef the Merfolk Gladiator began the quest for the Orb.
     0 | D:1      | Reached XP level 1. HP: 16/16 MP: 1/1
   197 | D:1      | Reached skill level 5 in Polearms
   225 | D:1      | Reached XP level 2. HP: 22/22 MP: 2/2
   825 | D:1      | Found a faded altar of an unknown god.
   898 | D:2      | Reached skill level 6 in Polearms
   898 | D:2      | Reached XP level 3. HP: 27/27 MP: 3/3
   976 | D:2      | Found a runed translucent door.
   977 | D:2      | Noticed Crazy Yiuf
  1418 | D:2      | Killed Crazy Yiuf
  1419 | D:2      | Reached skill level 7 in Polearms
  1419 | D:2      | Reached XP level 4. HP: 10/33 MP: 4/4
  1872 | D:3      | Noticed Natasha
  1878 | D:3      | Killed Natasha
  1879 | D:3      | Reached skill level 8 in Polearms
  1879 | D:3      | Reached XP level 5. HP: 33/38 MP: 5/5
  2012 | D:3      | Noticed Grinder
  2088 | D:3      | Noticed Natasha
  2204 | D:3      | Killed Natasha
  2205 | D:3      | Reached skill level 9 in Polearms
  2597 | D:3      | Paralysed by Grinder for 2 turns
  2605 | D:3      | Paralysed by Grinder for 7 turns
  2620 | D:3      | Slain by Grinder

Illustrated notes

Levels and vault maps discovered:
D:1:      dpeg_arrival_stone_temple_mockup, layout_basic,
          dilly_ecumenical_altar_fadedgnrine
D:2:      layout_rooms, serial_forest, infiniplex_forest_clump_long,
          infiniplex_forest_clump_C, infiniplex_forest_lined_3,
          infiniplex_forest_clump_large, infiniplex_forest_straight_2,
          infiniplex_forest_pool, uniq_crazy_yiuf_cottage
D:3:      layout_loops_ring, serial_glass, glass_columns_b, glass_columns_b,
          uniq_grinder, uniq_natasha

Skill      XL: |  1  2  3  4  5 |
---------------+----------------+-----
Polearms       | 5 6 7 8 9 |  9.0
Fighting       | |  2.1
Throwing       | |  2.0
Dodging        | |  4.0

Action                   |  1- 3 |  4- 6 || total
-------------------------+-------+-------++-------
Melee: Trident           |    95 |    53 ||   148
       Punch             |     2 |       ||     2
       Halberd           |       |    30 ||    30
Throw: Throwing net      |     1 |     1 ||     2
  Use: Potion            |     1 |     3 ||     4
 Stab: Sleeping          |       |     5 ||     5
Armor: Leather armour    |    11 |    13 ||    24
Dodge: Dodged            |    53 |    33 ||    86
